 Dungeon Sprint DCSS version 0.31-a0-940-gdaa99269f9 (webtiles) character file.

Game seed: 10038780818818169066

2569 sircluck the Grappler (level 9, 0/105 HPs)
             Began as a Troll Berserker on Oct 20, 2023.
             Was a High Priest of Trog.
             Slain by a water elemental (10 damage)
             ... led by a merfolk aquamancer
             ... in the Dungeon (Sprint VII: "The Pits").
             The game lasted 00:02:02 (794 turns).

sircluck the Grappler (Troll Berserker)              Turns: 794, Time: 00:02:02

Health: 0/105      AC: 10    Str: 31    XL:     9   Next: 31%
Magic:  8/8        EV: 12    Int:  3    God:    Trog [*****.]
Gold:   0          SH:  0    Dex:  9    Spells: 8/8 levels left

rFire   . .          .
                       - Unarmed
rCold   . . .        (no shield)
rNeg    . . .        a - +0 animal skin
rPois   .            (helmet restricted)
rElec   .            (no cloak)
rCorr   .            (gloves unavailable)
SInv    .            (boots unavailable)
Will    .....        (no amulet)
Stlth   +            k - +3 ring of protection
HPRegen 1.17/turn    m - +3 ring of protection
MPRegen 0.11/turn

%: no teleportation
@: engulfed (cannot breathe), on berserk cooldown, slowed, very slow
A: large, unfitting armour, claws 3, regeneration 1, shaggy fur 1, tough skin 1,
wild magic 1, no potion heal 1
a: Renounce Religion, Berserk, Trog's Hand, Brothers in Arms


You were in the Dungeon.
You worshipped Trog.
Trog was extremely pleased with you.
You visited 1 branch

Inventory:

Armour
 a - a +0 animal skin (worn)
Jewellery
 k - a +3 ring of protection (left claw)
 m - a +3 ring of protection (right claw)
Scrolls
 g - a scroll of blinking
 i - 2 scrolls of vulnerability
 j - a scroll of summoning
Potions
 b - 8 potions of curing
 c - 6 potions of heal wounds
 d - 3 potions of haste
 e - 4 potions of magic
 f - 3 potions of berserk rage
 h - 2 potions of invisibility
 n - a potion of resistance


   Skills:
 + Level 11.0 Fighting
 + Level 10.8 Dodging
 + Level 12.8 Unarmed Combat


You had 8 spell levels left.
You didn't know any spells.
Your spell library was empty.

Dungeon Overview and Level Annotations

Branches:
Dungeon (1/1)

Altars:
Ashenzari
Cheibriados
Dithmenos
Elyvilon
Fedhas
Gozag
Hepliaklqana
Kikubaaqudgha
Makhleb
Nemelex Xobeh
Okawaru
Qazlal
Ru
Sif Muna
Trog
Uskayaw
Vehumet
Wu Jian
Xom
Yredelemnul
Zin
The Shining One
Jiyva
Lugonu


Innate Abilities, Weirdness & Mutations

You are too large for most types of armour.
You have claws for hands.
Your natural rate of healing is unusually fast.
You are covered in fur. (AC +1)
You have tough skin. (AC +1)
Your spells are a little harder to cast, but a little more powerful.
Potions are less effective at restoring your health.


Message History

The basilisk dies!
Trog accepts your kill.
The water elemental barely misses you. x2
Your Fighting skill increases to level 11!
You slip free of the water engulfing you.
You gasp with relief as air once again reaches your lungs.
The water elemental hits your ogre!!
The water elemental engulfs your ogre in water!
The water elemental hits your ogre.
Your ogre hits the water elemental with a +0 giant club!!
The water elemental hits your ogre.
Your system partially rejects the healing.
You feel much better.
Your ogre is asphyxiated!
Your ogre closely misses the water elemental.
The water elemental hits your ogre!
Your ogre dies!
Your ogre's corpse disappears in a puff of smoke!
Unknown command.
Unknown command.
Unknown command.
Your ogre goes berserk!
The water elemental hits you!
* * * LOW HITPOINT WARNING * * *
The water elemental engulfs you in water!
The water elemental barely misses you.
You slip free of the water engulfing you.
You gasp with relief as air once again reaches your lungs.
The water elemental attacks as it pursues you!
The water elemental hits you!
* * * LOW HITPOINT WARNING * * *
Your ogre hits the water elemental with a +0 giant club!!!
The water elemental hits you.
The water elemental engulfs you in water!
You scratch the water elemental but do no damage.
The water elemental is almost destroyed.
* * * LOW HITPOINT WARNING * * *
Your lungs strain for air!
The water elemental hits you!
You die...

####### _____.# _____.#
___...###########++######
#####'##................#
')))'.##......#..#......#
#####.##........O.......+
.......'........@E......+
##'#####......#.E#......#
)..#..##........m.......#
...#))#####'#####''######
'###))##.......##†'#####
...#))##.......##......#
...#[[##.......##....###
#'##'###...<...##.(.##
......##.......##..##


You could see a merfolk, 2 water elementals and a friendly ogre (summoned,
berserk).

Vanquished Creatures
  A merfolk aquamancer (D)
  A gargoyle (D)
  A hellwing (D)
  A sky beast (D)
  A water moccasin (D)
  A centaur (D)
  A wolf (D)
  A kobold brigand (D)
  A necrophage (D)
  A scorpion (D)
  4 wights (D)
  A quasit (D)
  A mummy (D)
  An adder (D)
  An ufetubus (D)
  A ball python (D)
  A bat (D)
  An endoplasm (D)
  A hobgoblin (D)
  6 jackals (D)
  A frilled lizard (D)
  A kobold (D)
  A quokka skeleton (D)
  A rat (D)
32 creatures vanquished.

Vanquished Creatures (collateral kills)
  An unseen horror (D)
  A water elemental (D)
  A basilisk (D)
  3 wights (D)
6 creatures vanquished.

Grand Total: 38 creatures vanquished

Notes
Turn   | Place    | Note
-------+----------+-------------------------------------------
     0 | D        | sircluck the Troll Berserker began the quest for the Orb.
     0 | D        | Reached XP level 1. HP: 22/22 MP: 0/0
    19 | D        | Found a bloodstained altar of Trog.
    19 | D        | Found a shimmering blue altar of Sif Muna.
    19 | D        | Found a viscous altar of Jiyva.
    19 | D        | Found a hazy altar of Hepliaklqana.
    19 | D        | Found an opulent altar of Gozag.
    20 | D        | Found a glowing golden altar of the Shining One.
    20 | D        | Found a glowing silver altar of Zin.
    20 | D        | Found a basalt altar of Yredelemnul.
    20 | D        | Found a shimmering altar of Xom.
    20 | D        | Found an ornate altar of the Wu Jian Council.
    20 | D        | Found a sacrificial altar of Ru.
    20 | D        | Found a stormy altar of Qazlal.
    20 | D        | Found an iron altar of Okawaru.
    20 | D        | Found a sparkling altar of Nemelex Xobeh.
    20 | D        | Found a burning altar of Makhleb.
    20 | D        | Found a blossoming altar of Fedhas.
    20 | D        | Found a white marble altar of Elyvilon.
    20 | D        | Found a shadowy altar of Dithmenos.
    20 | D        | Found a snail-covered altar of Cheibriados.
    22 | D        | Found a radiant altar of Vehumet.
    22 | D        | Found a corrupted altar of Lugonu.
    23 | D        | Found a hide-covered altar of Uskayaw.
    23 | D        | Found an ancient bone altar of Kikubaaqudgha.
    23 | D        | Found a broken altar of Ashenzari.
    66 | D        | Reached ** piety under Trog
    78 | D        | Reached *** piety under Trog
    81 | D        | Reached XP level 2. HP: 30/31 MP: 1/1
    90 | D        | Noticed a scorpion
   105 | D        | Reached **** piety under Trog
   106 | D        | Reached skill level 4 in Unarmed Combat
   111 | D        | Killed a scorpion
   112 | D        | Reached skill level 5 in Unarmed Combat
   112 | D        | Reached XP level 3. HP: 32/40 MP: 2/2
   162 | D        | Noticed a wight
   162 | D        | Noticed a wight
   162 | D        | Noticed a wight
   180 | D        | Killed a wight
   181 | D        | Reached skill level 5 in Fighting
   181 | D        | Reached skill level 5 in Dodging
   181 | D        | Reached skill level 6 in Unarmed Combat
   181 | D        | Reached XP level 4. HP: 30/50 MP: 3/3
   184 | D        | Reached ***** piety under Trog
   190 | D        | Reached XP level 5. HP: 50/59 MP: 4/4
   191 | D        | Reached skill level 7 in Unarmed Combat
   243 | D        | Noticed a water moccasin
   243 | D        | Noticed a wolf
   243 | D        | Noticed a centaur
   247 | D        | Killed a water moccasin
   248 | D        | Reached skill level 8 in Unarmed Combat
   248 | D        | Reached XP level 6. HP: 68/68 MP: 5/5
   255 | D        | Reached skill level 9 in Unarmed Combat
   318 | D        | Received a gift from Trog
   324 | D        | Noticed a gargoyle
   330 | D        | Killed a gargoyle
   331 | D        | Reached skill level 10 in Unarmed Combat
   331 | D        | Reached XP level 7. HP: 26/81 MP: 6/6
   440 | D        | Received a gift from Trog
   441 | D        | Reached XP level 8. HP: 88/92 MP: 7/7
   449 | D        | Killed an unseen horror
   450 | D        | Reached skill level 11 in Unarmed Combat
   550 | D        | Gained mutation: Potions are less effective at restoring
                  | your health. [potion of mutation]
   550 | D        | Gained mutation: Your spells are a little harder to cast,
                  | but a little more powerful. [potion of mutation]
   609 | D        | Noticed a hellwing
   616 | D        | Killed a hellwing
   617 | D        | Reached skill level 10 in Fighting
   765 | D        | Noticed a merfolk
   766 | D        | Noticed a merfolk aquamancer
   777 | D        | Killed a merfolk aquamancer
   778 | D        | Reached skill level 10 in Dodging
   778 | D        | Reached skill level 12 in Unarmed Combat
   778 | D        | Reached XP level 9. HP: 39/102 MP: 8/8
   794 | D        | Slain by a water elemental

Illustrated notes

Levels and vault maps discovered:
D:        pitsprint [storerooms_1, entrance_room_1, metal_vault_6, armoury_2,
          mini_pit_1, grid_room_1, main_hall_1, silver_pit, the_coven_3,
          the_vestibule_1, steel_vault_2, golden_pit, hallway_of_sentries,
          crystal_vault_6, iron_vault_2, final_vault]

Skill      XL: |  1  2  3  4  5  6  7  8  9 |
---------------+----------------------------+-----
Fighting       | 3 4 5 6 8 9 10 11 | 11.0
Dodging        | 3 4 5 6 8 9 10 | 10.8
Unarmed Combat | 5 6 8 10 12 | 12.8

Action                     |  1- 3 |  4- 6 |  7- 9 || total
---------------------------+-------+-------+-------++-------
  Melee: Unarmed           |    37 |    27 |    49 ||   113
         Punch             |     1 |       |     2 ||     3
 Invoke: Berserk           |       |     2 |     2 ||     4
         Brothers in Arms  |       |       |     3 ||     3
    Use: Potion            |       |       |     3 ||     3
 Armour: Animal skin       |    26 |    11 |    54 ||    91
  Dodge: Dodged            |    15 |    10 |    32 ||    57

Table legend: (Time is in decaauts)
 A = Elapsed time spent in this place.
 B = Non-inter-level travel time spent in this place.
 C = Inter-level travel time spent in this place.
 D = Time resting spent in this place.
 E = Time spent auto-exploring this place.
 F = Levels seen in this place.
 G = Mean time per level.
                   A        B        C        D        E       F      G
               +--------+--------+--------+--------+--------+-----+--------+
         Total |    810 |    810 |      0 |    322 |    229 |   1 |  810.0 |
       Dungeon |    810 |    810 |      0 |    322 |    229 |   1 |  810.0 |
               +--------+--------+--------+--------+--------+-----+--------+

Top non-repeatable levels by time:
       D: 810 daAuts
